 Dungeon Crawl Stone Soup version 0.29-a0-1052-g6990b1bffc (webtiles) character file.

Game seed: 12337460897095116444

32 testman the Chiller (level 3, -6/22 (24) HPs)
             Began as a Merfolk Ice Elementalist on Aug 17, 2022.
             Mangled by Robin
             ... wielding a +3 mace of draining
              (7 damage)
             ... on level 2 of the Dungeon.
             The game lasted 00:04:56 (1446 turns).

testman the Chiller (Merfolk Ice Elementalist)      Turns: 1446, Time: 00:04:58

HP:   -6/22 (24)    AC:  3    Str:  8    XL:     3   Next: 27%
MP:   0/6           EV: 12    Int: 16    God:
Gold: 30            SH:  0    Dex: 14    Spells: 6/7 levels left

rFire   . . .      SeeInvis .   f - +0 spear
rCold   . . .      Faith    .   (no shield)
rNeg    . . .      Spirit   .   a - +0 robe
rPois   .          Reflect  .   (no helmet)
rElec   .          Harm     .   (no cloak)
rCorr   .          Rampage  .   h - +0 pair of gloves
Will    .....                   (no boots)
Stlth   ++........              (no amulet)
HPRegen 0.07/turn               (no ring)
MPRegen 0.10/turn               (no ring)

@: very slightly contaminated, drained
A: (nimble swimmer 2), mertail
a: no special abilities


You were on level 2 of the Dungeon.
You visited 1 branch of the dungeon, and saw 2 of its levels.

You collected 30 gold pieces.

Inventory:

Hand Weapons
 e - a +0 short sword
 f - a +0 spear (weapon)
Armour
 a - a +0 robe (worn)
 h - a +0 pair of gloves (worn)
Scrolls
 d - 2 scrolls of vulnerability {unknown}
 g - a scroll of teleportation {unknown}
 j - a scroll of amnesia {unknown}
Potions
 b - 2 potions of magic
 c - a potion of lignification {unknown}
 i - a potion of degeneration {unknown}


   Skills:
 + Level 1.1 Polearms
 - Level 2.6 Dodging
 - Level 2.1 Stealth
 + Level 2.6 Spellcasting
 + Level 4.9 Ice Magic


You had 6 spell levels left.
You knew the following spells:

 Your Spells              Type           Power      Damage    Failure   Level
a - Freeze                Ice            72%        1d9       2%          1

Your spell library contained the following spells:

 Spells                   Type           Power      Damage    Failure   Level
 Frozen Ramparts          Ice            36%        1d6       8%          3
 Ozocubu's Armour         Ice            18%        N/A       8%          3
 Hailstorm                Conj/Ice       10%        3d5       56%         4


Dungeon Overview and Level Annotations

Branches:
Dungeon (2/15)

Altars:

Annotations:
D:2 Robin


Innate Abilities, Weirdness & Mutations

((You are very nimble when in or above water. (Stealth+, EV+, Speed+++)))
Your lower body shifts to a powerful aquatic tail in water.


Message History

You kill the hobgoblin!
Robin says, "Feeling lonely?"
Robin throws the goblin at you!
Aiming: Freeze (safe; 2% risk of failure)
Press: ? - help, Q - select action Shift-Dir - straight line, f - goblin
Aim: a goblin, wielding a +0 dagger (wandering, strong, hasn't noticed you)
You freeze the goblin.
You kill the goblin!
The hobgoblin barely misses you.
Aiming: Freeze (safe; 2% risk of failure)
Press: ? - help, Q - select action Shift-Dir - straight line, f - hobgoblin
Aim: a hobgoblin (strong)
You freeze the hobgoblin!
You kill the hobgoblin!
Unknown command.
Aiming: Freeze (safe; 2% risk of failure)
Press: ? - help, Q - select action Shift-Dir - straight line, f - goblin
Aim: a goblin, wielding a +0 dagger (strong)
You miscast Freeze.
You are very lightly contaminated with residual magic.
Nothing appears to happen.
Robin hits you with a +3 mace of draining.
You feel drained. The goblin hits you with a +0 dagger.
There is an open door here.
You see here a hobgoblin corpse.
You hit Robin.
Robin is moderately wounded.
Robin hits you with a +3 mace of draining!
* * * LOW HITPOINT WARNING * * *
You feel drained.
* * * LOW HITPOINT WARNING * * *
The goblin hits you with a +0 dagger.
* * * LOW HITPOINT WARNING * * *
Aiming: Freeze (safe; 2% risk of failure)
Press: ? - help, Q - select action Shift-Dir - straight line, f/p - goblin
Aim: a goblin, wielding a +0 dagger (strong)
You freeze the goblin.
The goblin is moderately wounded.
Robin hits you with a +3 mace of draining!
You die...

######
#....#
#....#
#....#
#....#
#....#
#....###.#
#..).@g..#
#...g#####
###...#
###.#
####.#
#....######
#.####....#
#.# #.....#
#.###.....#


You could see Robin and a goblin (strong).

Vanquished Creatures
  A dart slug (D:1)
  3 bats
  3 endoplasms
  2 giant cockroaches (D:1)
  2 goblins
  4 hobgoblins
  2 quokkas (D:1)
  5 ball pythons
  2 frilled lizards (D:1)
  2 kobolds (D:1)
  2 rats
28 creatures vanquished.

Notes
Turn   | Place    | Note
-------+----------+-------------------------------------------
     0 | D:1      | testman the Merfolk Ice Elementalist began the quest for
                  | the Orb.
     0 | D:1      | Reached XP level 1. HP: 13/13 MP: 3/3
   265 | D:1      | Reached XP level 2. HP: 15/19 MP: 1/5
  1300 | D:2      | Reached XP level 3. HP: 23/24 MP: 6/6
  1427 | D:2      | Reached skill level 1 in Polearms
  1438 | D:2      | Noticed Robin
  1445 | D:2      | HP: 1/22 [goblin/+0 dagger[Robin] (2)]
  1446 | D:2      | Mangled by Robin

Illustrated notes

Levels and vault maps discovered:
D:1:      eino_arrival_tree_alley, layout_loops_corners
D:2:      layout_basic, basic_altar, uniq_robin

Skill      XL: |  1  2  3 |
---------------+----------+-----
Polearms       | 1 |  1.1
Dodging        | |  2.6
Stealth        | |  2.1
Spellcasting   | |  2.6
Ice Magic      | |  4.9

Action                   || total
-------------------------++-------
Melee: Spear             ||    29
       Short sword       ||     8
 Cast: Freeze            ||    27
 Stab: Sleeping          ||     4
       Distracted        ||     1
Armor: Robe              ||     9
Dodge: Dodged            ||    36

Table legend: (Time is in decaauts)
 A = Elapsed time spent in this place.
 B = Non-inter-level travel time spent in this place.
 C = Inter-level travel time spent in this place.
 D = Time resting spent in this place.
 E = Time spent auto-exploring this place.
 F = Levels seen in this place.
 G = Mean time per level.
                   A        B        C        D        E       F      G
               +--------+--------+--------+--------+--------+-----+--------+
         Total |   1447 |   1438 |      9 |      5 |   1234 |   2 |  723.5 |
       Dungeon |   1447 |   1438 |      9 |      5 |   1234 |   2 |  723.5 |
               +--------+--------+--------+--------+--------+-----+--------+

Top non-repeatable levels by time:
     D:1: 1278 daAuts
     D:2: 168 daAuts
